 Dungeon Crawl Stone Soup version 0.29.0-15-g675c0067aa (webtiles) character file.

Game seed: 15682527491452522220

2763 qw the Blocker (level 9, -1/112 HPs)
             Began as a Minotaur Berserker on Sept 11, 2022.
             Was a Priest of Trog.
             Succumbed to a killer bee's poison
             ... on level 7 of the Dungeon.
             The game lasted 00:02:32 (8421 turns).

qw the Blocker (Minotaur Berserker)                 Turns: 8421, Time: 00:02:32

Health: -1/112     AC:  7    Str: 26    XL:     9   Next: 42%
Magic:  8/8        EV:  8    Int:  4    God:    Trog [***...]
Gold:   271        SH: 15    Dex: 10    Spells: 8/8 levels left

rFire   . . .      SeeInvis +   Y - +0 hand axe
rCold   . . .      Faith    .   i - +0 tower shield
rNeg    . . .      Spirit   .   g - +0 scale mail
rPois   .          Reflect  .   (helmet restricted)
rElec   .          Harm     .   (no cloak)
rCorr   .          Rampage  .   (no gloves)
Will    +....                   n - +0 pair of boots
Stlth   ..........              (no amulet)
HPRegen 0.28/turn               q - ring of see invisible
MPRegen 0.11/turn               o - ring of willpower

@: berserking (expiring), lethally poisoned (-1 -> -8), very quick
A: horns 2, retaliatory headbutt
a: Renounce Religion, Berserk, Trog's Hand


You were on level 7 of the Dungeon.
You worshipped Trog.
Trog was most pleased with you.
You visited 1 branch of the dungeon, and saw 7 of its levels.

You collected 355 gold pieces.
You spent 84 gold pieces at shops.


Innate Abilities, Weirdness & Mutations

You have a pair of horns on your head.
You reflexively headbutt those who attack you in melee.


   Skills:
 - Level 6.0 Fighting
 + Level 10.1 Axes
 - Level 1.4 Throwing
 - Level 2.4 Armour
 - Level 2.1 Dodging
 - Level 11.0 Shields


You had 8 spell levels left.
You didn't know any spells.
Your spell library was empty.

Inventory:

Hand Weapons
 e - a +1 vorpal flail
 Y - a +0 hand axe (weapon)
Missiles
 f - 2 silver boomerangs (quivered)
 j - 3 boomerangs
Armour
 b - a +2 robe of resistance
 g - a +0 scale mail (worn)
 i - a +0 tower shield (worn)
 k - a +0 pair of gloves
 n - a +0 pair of boots (worn)
Jewellery
 o - a ring of willpower (right hand)
 p - a ring of positive energy
 q - a ring of see invisible (left hand)
Scrolls
 a - 3 scrolls of identify
 m - a scroll of teleportation
Potions
 c - 4 potions of curing
 d - a potion of cancellation
 h - a potion of berserk rage {unknown}
 l - 2 potions of heal wounds

Dungeon Overview and Level Annotations

Branches:
Dungeon (7/15)             Temple (0/1) D:6

Altars:
Makhleb
Uskayaw
Vehumet
Yredelemnul
Zin
The Shining One

Shops:
D:1 *   D:2 [:(=*


Message History

The killer bee is almost dead.
You closely miss the killer bee. x2
You feel very sick. The killer bee stings you.
The killer bee barely misses you. The killer bee stings you!
You block the killer bee's attack. The killer bee closely misses you.
You block the killer bee's attack.
You slice the killer bee!!
You kill the killer bee!
Trog accepts your kill.
You miss the killer bee. You closely miss the killer bee.
You feel very sick. You block the killer bee's attack.
The killer bee completely misses you.
You closely miss the killer bee. You miss the killer bee.
You feel very sick.
You block the killer bee's attack. x3; The killer bee stings you.
You slash the killer bee!
The killer bee is severely wounded.
You hit the killer bee.
You feel sick.
The killer bee stings you but does no damage.
The killer bee stings you.
You closely miss the killer bee. Your headbutt misses the killer bee.
The killer bee is severely wounded.
You slash the killer bee!
You feel sick. You block the killer bee's attack. x2
The killer bee stings you but does no damage.
The killer bee barely misses you.
You barely miss the killer bee.
The killer bee is almost dead.
You slash the killer bee!
You kill the killer bee!
Trog accepts your kill.
You feel sick. You block the killer bee's attack.
Your Fighting skill increases to level 6!
You hit the killer bee.
You kill the killer bee!
Trog accepts your kill.
You feel sick.
There is a lethal amount of poison in your body!
You die...

#.# #.# #. #.# #.# #.
#.# #.# #.# #.# #.# ##..
#.# #.#
.##...###.############.#
.....................#.#
~~~~~~~~.######.........
......%@.# ######.###
¤~~~~~.~.# #.#
¤~...~.~.# #.#
¤~._.~.¤¤# #.#
.~...~¤¤.# #.#
.~~.~~¤~¤¤ ..# #.#
.......¤.# #.###.#
~~~~~~~~.. #.#...#
#<#(###


There were no monsters in sight!

Vanquished Creatures
  Pikel (D:4)
  A troll (D:6)
  Sigmund (D:2)
  Eustachio (D:5)
  A water moccasin (D:6)
  A sky beast (D:7)
  2 centaurs
  3 phantoms
  3 scorpions
  5 killer bees (D:7)
  A howler monkey (D:6)
  4 hounds
  An orc priest (D:3)
  2 gnoll boudas (D:4)
  A jelly (D:5)
  Jessica (D:2)
  Terence (D:2)
  6 iguanas
  3 orc wizards
  13 gnolls
  2 adders
  2 white imps (D:5)
  2 worms
  A dart slug (D:3)
  22 orcs
  7 bats
  11 endoplasms
  3 giant cockroaches
  4 goblins
  4 hobgoblins
  5 jackals
  3 quokkas
  8 ball pythons
  2 frilled lizards
  9 kobolds
  3 rats
140 creatures vanquished.

Notes
Turn   | Place    | Note
-------+----------+-------------------------------------------
     0 | D:1      | qw the Minotaur Berserker began the quest for the Orb.
     0 | D:1      | Reached XP level 1. HP: 19/19 MP: 0/0
     0 | D:1      | 0 ||| qw: Version: 0.1-a-119-g272c26d
     0 | D:1      | 0 ||| qw: Game counter: 10641
     0 | D:1      | 0 ||| qw: Always use a shield: true
     0 | D:1      | 0 ||| qw: Do Orc after D:15 true
     0 | D:1      | 0 ||| qw: Do second Lair branch before Depths: true
     0 | D:1      | 0 ||| qw: Lair rune preference: random
     0 | D:1      | 0 ||| qw: Plans: Normal
     0 | D:1      | 0 ||| PLANNING D:1-11
   119 | D:1      | Found a faded altar of an unknown god.
   299 | D:1      | Reached XP level 2. HP: 24/26 MP: 1/1
   363 | D:1      | 363 ||| Stepping ~*~*~tactically~*~*~ (stealth).
   364 | D:1      | 364 ||| Stepping ~*~*~tactically~*~*~ (stealth).
  1048 | D:1      | Found Zoulebev's General Store.
  1136 | D:1      | 1136 ||| UPGRADING to +0 ring mail.
  1146 | D:1      | 1146 ||| DROPPING +0 animal skin.
  1147 | D:1      | 1147 ||| UPGRADING to ring of willpower.
  1148 | D:1      | 1148 ||| READING 3 scrolls labelled TOICUI UGHASA.
  1149 | D:1      | 1149 ||| READING 2 scrolls of identify.
  1149 | D:1      | 1149 ||| IDENTIFYING smoky brown potion
  1150 | D:1      | 1150 ||| DROPPING potion of magic.
  1231 | D:2      | Noticed Jessica
  1232 | D:2      | Found Ceptin's General Store.
  1237 | D:2      | Killed Jessica
  1238 | D:2      | Reached XP level 3. HP: 27/31 MP: 2/2
  1245 | D:2      | 1245 ||| FLEEEEING.
  1286 | D:2      | 1286 ||| SHOPLISTING +4 ring of protection (504 gold, have
                  | 74).
  1286 | D:2      | 1286 ||| BUYING potion of curing (42 gold).
  1286 | D:2      | Bought a potion of curing for 42 gold pieces
  1286 | D:2      | 1286 ||| SHOPLISTING scroll of enchant weapon (105 gold,
                  | have 32).
  1324 | D:2      | Noticed Sigmund
  1325 | D:2      | 1325 ||| Stepping ~*~*~tactically~*~*~ (hiding).
  1329 | D:2      | 1329 ||| INVOKING Berserk.
  1333 | D:2      | Killed Sigmund
  1334 | D:2      | Reached XP level 4. HP: 39/39 MP: 3/3
  1334 | D:2      | Reached XP level 5. HP: 45/45 MP: 4/4
  1406 | D:2      | Noticed Terence
  1407 | D:2      | 1407 ||| Stepping ~*~*~tactically~*~*~ (stealth).
  1409 | D:2      | 1409 ||| Stepping ~*~*~tactically~*~*~ (hiding).
  1412 | D:2      | 1412 ||| Stepping ~*~*~tactically~*~*~ (hiding).
  1415 | D:2      | 1415 ||| INVOKING Berserk.
  1425 | D:2      | Killed Terence
  1561 | D:2      | Found Ikoetal's Weapon Boutique.
  1564 | D:2      | Found Ahasaocw's Jewellery Shoppe.
  1573 | D:2      | 1573 ||| SHOPLISTING +4 ring of evasion (360 gold, have
                  | 53).
  1573 | D:2      | 1573 ||| SHOPLISTING +6 ring of strength (360 gold, have
                  | 53).
  1573 | D:2      | 1573 ||| SHOPLISTING ring of resist corrosion (200 gold,
                  | have 53).
  1583 | D:2      | 1583 ||| BUYING +0 flail (42 gold).
  1583 | D:2      | Bought a +0 flail for 42 gold pieces
  1583 | D:2      | 1583 ||| SHOPLISTING +0 war axe (42 gold, have 11).
  1583 | D:2      | 1583 ||| DROPPING +0 club.
  1616 | D:2      | Found Net Joa's Armour Boutique.
  1803 | D:2      | 1803 ||| UPGRADING to +2 robe of resistance.
  1813 | D:2      | 1813 ||| UPGRADING to +0 scale mail.
  1823 | D:2      | 1823 ||| DROPPING +0 ring mail.
  1824 | D:2      | 1824 ||| READING 2 scrolls labelled YMPATE DUMEA.
  1825 | D:2      | 1825 ||| READING 2 scrolls of identify.
  1825 | D:2      | 1825 ||| IDENTIFYING green potion
  1826 | D:2      | 1826 ||| DROPPING potion of degeneration.
  1827 | D:2      | 1827 ||| DROPPING scroll of amnesia.
  1828 | D:2      | 1828 ||| Stepping randomly (stuck).
  1963 | D:2      | Found Zexidd's Book Emporium.
  2423 | D:2      | 2423 ||| UPGRADING to +0 tower shield.
  2428 | D:2      | 2428 ||| READING scroll labelled VUFYCS KEKH.
  2700 | D:3      | 2700 ||| Stepping ~*~*~tactically~*~*~ (stealth).
  2702 | D:3      | 2702 ||| Stepping ~*~*~tactically~*~*~ (hiding).
  2704 | D:3      | 2704 ||| Stepping ~*~*~tactically~*~*~ (hiding).
  2707 | D:3      | 2707 ||| INVOKING Berserk.
  2710 | D:3      | Reached skill level 1 in Shields
  2710 | D:3      | Reached XP level 6. HP: 52/52 MP: 5/5
  2714 | D:3      | Reached skill level 2 in Shields
  2724 | D:3      | Reached ** piety under Trog
  2931 | D:3      | Reached skill level 3 in Shields
  3243 | D:3      | 3243 ||| UPGRADING to +0 pair of boots.
  3248 | D:3      | 3248 ||| READING 3 scrolls labelled MAITET PUOXKUO.
  3359 | D:4      | 3359 ||| INVOKING Berserk.
  3514 | D:4      | 3514 ||| INVOKING Berserk.
  3520 | D:4      | Reached skill level 4 in Shields
  3533 | D:4      | HP: 13/52 [gnoll/+0 halberd[a gnoll bouda] (3)]
  3534 | D:4      | 3534 ||| READING 2 scrolls of teleportation.
  3535 | D:4      | 3535 ||| DRINKING 3 potions of heal wounds.
  3855 | D:4      | Found a burning altar of Makhleb.
  3915 | D:4      | 3915 ||| Stepping ~*~*~tactically~*~*~ (stealth).
  3916 | D:4      | 3916 ||| Stepping ~*~*~tactically~*~*~ (stealth).
  3917 | D:4      | 3917 ||| Stepping ~*~*~tactically~*~*~ (stealth).
  3928 | D:4      | Noticed Pikel
  3930 | D:4      | 3930 ||| INVOKING Berserk.
  3937 | D:4      | Killed Pikel
  3938 | D:4      | Reached skill level 8 in Shields
  3938 | D:4      | Reached XP level 7. HP: 59/59 MP: 6/6
  4174 | D:4      | 4174 ||| Stepping ~*~*~tactically~*~*~ (stealth).
  4185 | D:4      | 4185 ||| INVOKING Berserk.
  4193 | D:4      | Reached skill level 1 in Throwing
  4196 | D:4      | Reached XP level 8. HP: 59/66 MP: 7/7
  4281 | D:4      | 4281 ||| Stepping ~*~*~tactically~*~*~ (stealth).
  4288 | D:4      | 4288 ||| Stepping ~*~*~tactically~*~*~ (stealth).
  4289 | D:4      | 4289 ||| Stepping ~*~*~tactically~*~*~ (stealth).
  4290 | D:4      | 4290 ||| Stepping ~*~*~tactically~*~*~ (stealth).
  4291 | D:4      | 4291 ||| Stepping ~*~*~tactically~*~*~ (stealth).
  4292 | D:4      | 4292 ||| Stepping ~*~*~tactically~*~*~ (stealth).
  4372 | D:4      | 4372 ||| Stepping ~*~*~tactically~*~*~ (stealth).
  4519 | D:4      | 4519 ||| Stepping ~*~*~tactically~*~*~ (stealth).
  4520 | D:4      | 4520 ||| Stepping ~*~*~tactically~*~*~ (stealth).
  4944 | D:4      | Found a glowing golden altar of the Shining One.
  5108 | D:4      | 5108 ||| UPGRADING to ring of positive energy.
  5109 | D:4      | 5109 ||| UPGRADING to ring of see invisible.
  5111 | D:4      | 5111 ||| UPGRADING to ring of willpower.
  5113 | D:4      | 5113 ||| READING scroll labelled SEXIFA TUOLEMA.
  5114 | D:4      | 5114 ||| DRINKING 2 clear potions.
  5115 | D:4      | 5115 ||| READING 3 scrolls of identify.
  5115 | D:4      | 5115 ||| IDENTIFYING black potion
  5116 | D:4      | 5116 ||| READING 2 scrolls of identify.
  5116 | D:4      | 5116 ||| IDENTIFYING smoky red potion
  5117 | D:4      | 5117 ||| DROPPING potion of lignification.
  5118 | D:4      | 5118 ||| DROPPING potion of attraction.
  5164 | D:5      | Entered Level 5 of the Dungeon
  5197 | D:5      | Reached skill level 9 in Shields
  5242 | D:5      | 5242 ||| FLEEEEING.
  5243 | D:5      | 5243 ||| FLEEEEING.
  5244 | D:5      | 5244 ||| FLEEEEING.
  5245 | D:5      | 5245 ||| FLEEEEING.
  5246 | D:5      | 5246 ||| FLEEEEING.
  5247 | D:5      | 5247 ||| FLEEEEING.
  5248 | D:5      | 5248 ||| FLEEEEING.
  5249 | D:5      | 5249 ||| FLEEEEING.
  5340 | D:5      | 5340 ||| DROPPING +0 flail.
  5790 | D:5      | Reached *** piety under Trog
  5937 | D:5      | 5937 ||| INVOKING Berserk.
  5941 | D:5      | Reached skill level 9 in Axes
  6075 | D:5      | 6075 ||| Stepping ~*~*~tactically~*~*~ (stealth).
  6189 | D:5      | 6189 ||| INVOKING Berserk.
  6600 | D:5      | 6600 ||| READING 2 scrolls of identify.
  6600 | D:5      | 6600 ||| IDENTIFYING smoky purple potion
  6601 | D:5      | 6601 ||| DROPPING potion of flight.
  6622 | D:6      | Noticed Eustachio
  6623 | D:6      | 6623 ||| PLANNING OSSUARY
  6625 | D:6      | 6625 ||| STAIRDANCE
  6629 | D:6      | 6629 ||| STAIRDANCE
  6631 | D:5      | 6631 ||| INVOKING Berserk.
  6642 | D:5      | Killed Eustachio
  6643 | D:5      | Reached skill level 10 in Shields
  6798 | D:6      | 6798 ||| INVOKING Berserk.
  7171 | D:6      | Reached XP level 9. HP: 69/74 MP: 8/8
  7272 | D:6      | Found a staircase to the Ecumenical Temple.
  7291 | D:6      | Found a glowing silver altar of Zin.
  7298 | D:6      | 7298 ||| RIP OSSUARY
  7392 | D:6      | Noticed a troll
  7393 | D:6      | 7393 ||| PLANNING D:1-11
  7395 | D:6      | 7395 ||| INVOKING Berserk.
  7401 | D:6      | Killed a troll
  7797 | D:6      | 7797 ||| READING scroll labelled EBRO GUGIUKIEF.
  7898 | D:6      | 7898 ||| READING 2 scrolls labelled FUFUTT SYIRGHI.
  7899 | D:6      | 7899 ||| READING 4 scrolls of identify.
  7899 | D:6      | 7899 ||| IDENTIFYING lumpy blue potion
  7900 | D:6      | 7900 ||| DROPPING potion of invisibility.
  7901 | D:6      | 7901 ||| DROPPING scroll of immolation.
  7943 | D:7      | 7943 ||| Stepping ~*~*~tactically~*~*~ (hiding).
  7944 | D:7      | 7944 ||| Stepping ~*~*~tactically~*~*~ (hiding).
  7961 | D:7      | 7961 ||| INVOKING Berserk.
  8220 | D:7      | Found a radiant altar of Vehumet.
  8223 | D:7      | 8223 ||| Stepping ~*~*~tactically~*~*~ (stealth).
  8229 | D:7      | Reached skill level 11 in Shields
  8230 | D:7      | 8230 ||| Stepping ~*~*~tactically~*~*~ (stealth).
  8235 | D:7      | 8235 ||| Stepping ~*~*~tactically~*~*~ (stealth).
  8312 | D:7      | Found a hide-covered altar of Uskayaw.
  8401 | D:7      | Found a basalt altar of Yredelemnul.
  8412 | D:7      | 8412 ||| INVOKING Berserk.
  8414 | D:7      | HP: 27/112 [poisoned by a killer bee]
  8416 | D:7      | HP: 13/112 [poisoned by a killer bee]
  8417 | D:7      | HP: 6/112 [killer bee (2)]
  8419 | D:7      | HP: 2/112 [poisoned by a killer bee]
  8420 | D:7      | Reached skill level 6 in Fighting
  8421 | D:7      | Succumbed to a killer bee's poison

Levels and vault maps discovered:
D:1:      minmay_arrival_jagged, layout_basic, basic_ecumenical_altar,
          serial_shops, shop
D:2:      layout_basic, serial_shops, shop, shop, shop, shop,
          nicolae_shop_competitors_out_of_business, grunt_decor_cap,
          uniq_jessica, uniq_sigmund, uniq_terence
D:3:      cheibrodos_helix_gallery, layout_basic
D:4:      layout_loops_corners, mainiacjoe_overflow_catch_the_wave, uniq_pikel
D:5:      layout_layer_cave
D:6:      layout_rooms, mainiacjoe_overflow_paths, minmay_temple_entry_mist,
          nicolae_ossuary_entry_monument, minmay_hedge_maze, uniq_eustachio
D:7:      layout_loops_ring, mainiacjoe_overflow_concentric_impassable,
          mainiacjoe_overflow_catwalk_spiral, st_stairs_11

Skill      XL: |  1  2  3  4  5  6  7  8  9 |
---------------+----------------------------+-----
Axes           | 4 5 7 9 10 | 10.1
Fighting       | 4 5 6 |  6.0
Shields        | 1 8 10 11 | 11.0
Throwing       | 1 |  1.4
Armour         | |  2.4
Dodging        | |  2.1

Action                   |  1- 3 |  4- 6 |  7- 9 || total
-------------------------+-------+-------+-------++-------
Melee: Hand axe          |    51 |   128 |   265 ||   444
       Headbutt          |     7 |    23 |    40 ||    70
       Punch             |       |     1 |       ||     1
Throw: Boomerang         |       |    19 |    38 ||    57
Invok: Berserk           |     1 |     5 |     8 ||    14
  Use: Scroll            |     2 |     5 |     7 ||    14
       Potion            |       |     1 |     1 ||     2
Armor: Animal skin       |     7 |       |       ||     7
       Ring mail         |     1 |     1 |       ||     2
       Scale mail        |       |    39 |    86 ||   125
Dodge: Dodged            |    28 |    26 |    73 ||   127
Block: Tower shield      |       |    48 |   219 ||   267

Table legend:
 A = Non-vault XP
 B = Vault XP
 C = Vault XP percentage of total XP
 D = Non-vault monster count
 E = Vault monster count
 F = Vault count percentage of total count
                 A         B        C        D         E       F
            +---------+---------+-------+---------+---------+-------
      Total |    2542 |    1406 |  35.6 |     129 |      11 |   7.9
            +---------+---------+-------+---------+---------+-------
        D:1 |      30 |       0 |   0.0 |      19 |       0 |   0.0
        D:2 |      19 |     296 |  94.0 |      11 |       3 |  21.4
        D:3 |     179 |       3 |   1.6 |      19 |       2 |   9.5
        D:4 |     506 |     629 |  55.4 |      31 |       1 |   3.1
        D:5 |     669 |     203 |  23.3 |      26 |       1 |   3.7
        D:6 |     732 |       0 |   0.0 |      10 |       0 |   0.0
        D:7 |     407 |     275 |  40.3 |      13 |       4 |  23.5
            +---------+---------+-------+---------+---------+-------
